 Dungeon Crawl Stone Soup version 0.30.0-30-g96aa6591b8 (webtiles) character file.

Game seed: 634412776625051936

23 BreadTh the Ogre Mage (level 2, 0/24 HPs)
             Began as an Ogre Hedge Wizard on June 30, 2023.
             Slain by a jackal (1 damage)
             ... on level 1 of the Dungeon.
             The game lasted 00:03:05 (737 turns).

BreadTh the Ogre Mage (Ogre Hedge Wizard)            Turns: 737, Time: 00:03:05

Health: 0/24       AC:  3    Str: 13    XL:     2   Next: 95%
Magic:  0/7        EV:  9    Int: 15    God:
Gold:   30         SH:  0    Dex:  8    Spells: 8/9 levels left

rFire   . . .        f - +0 club
rCold   . . .        (no shield)
rNeg    . . .        b - +0 robe
rPois   .            c - +0 hat
rElec   .            (no cloak)
rCorr   .            (gloves unavailable)
SInv    .            (boots unavailable)
Will    .....        (no amulet)
Stlth   +            (no ring)
HPRegen 0.24/turn    (no ring)
MPRegen 0.10/turn

%: no passive effects
@: no status effects
A: large, unfitting armour, tough skin 1
a: no special abilities


You were on level 1 of the Dungeon.
You visited 1 branch of the dungeon, and saw 1 of its levels.

You collected 30 gold pieces.

Inventory:

Hand Weapons
 f - a +0 club (weapon)
Missiles
 g - 9 stones
Armour
 b - a +0 robe (worn)
 c - a +0 hat (worn)
Scrolls
 e - a scroll of summoning {unknown}
Potions
 a - a potion of heal wounds {unknown}


   Skills:
 - Level 1.8 Dodging
 - Level 1.5 Stealth
 * Level 4.4 Spellcasting
 - Level 1.0 Conjurations
 - Level 1.0 Summonings
 - Level 1.0 Translocations


You had 8 spell levels left.
You knew the following spells:

 Your Spells              Type           Power      Damage    Failure   Level
a - Magic Dart            Conj           24%        1d4       11%         1

Your spell library contained the following spells:

 Spells                   Type           Power      Damage    Failure   Level
 Slow                     Hex            12%        N/A       17%         1
 Blink                    Tloc           12%        N/A       17%         2
 Call Imp                 Summ           12%        N/A       17%         2
 Cigotuvi's Dreadful Rot  Necr/Pois/Air  6%         N/A       26%         2
 Gell's Gravitas          Tloc           6%         N/A       34%         3
 Teleport Other           Tloc           6%         N/A       34%         3
 Mephitic Cloud           Conj/Pois/Air  4%         N/A       41%         3
 Dispersal                Tloc           3%         N/A       100%        6


Dungeon Overview and Level Annotations

Branches:
Dungeon (1/15)

Altars:


Innate Abilities, Weirdness & Mutations

You are too large for most types of armour.
You have tough skin. (AC +1)


Message History

The jackal is almost dead.
The jackal completely misses you.
Casting: Magic Dart (safe; 11% risk of failure)
Confirm with . or Enter, or press ? or * to list all spells.
Aiming: Magic Dart (safe; 11% risk of failure)
Press: ? - help, Shift-Dir - straight line, f/p - jackal
Aim: a jackal (severely wounded, 100% to hit)
The magic dart hits the jackal but does no damage.
The jackal is severely wounded.
The jackal bites you but does no damage.
Casting: Magic Dart (safe; 11% risk of failure)
Confirm with . or Enter, or press ? or * to list all spells.
Aiming: Magic Dart (safe; 11% risk of failure)
Press: ? - help, Shift-Dir - straight line, f/p - jackal
Aim: a jackal (severely wounded, 100% to hit)
The magic dart hits the jackal.
The jackal is almost dead.
The jackal bites you.
* * * LOW HITPOINT WARNING * * *
The jackal closely misses you.
Casting: Magic Dart (safe; 11% risk of failure)
Confirm with . or Enter, or press ? or * to list all spells.
Aiming: Magic Dart (safe; 11% risk of failure)
Press: ? - help, Shift-Dir - straight line, f/p - jackal
Aim: a jackal (almost dead, 100% to hit)
The magic dart hits the jackal but does no damage.
The jackal is almost dead.
The jackal barely misses you. The jackal bites you.
* * * LOW HITPOINT WARNING * * *
Your magical contamination has completely faded away.
You hit the jackal but do no damage.
The jackal is almost dead.
The jackal barely misses you.
You closely miss the jackal.
The jackal is almost dead.
The jackal bites you.
* * * LOW HITPOINT WARNING * * *
The jackal bites you.
You die...

#.#### #................
.....# ##.#######.####..
...##.# #.# #.# ##. ##..##.#
#.# #.# ## #..##.# ##.## #.#
...##.# ##.#.## #.######
#.###.#####.###.#####.......
#......## ##......######
#######@###.####### ##h#†..#
##.##.# ####†# #h# #.# #g#
..wJ....# #.#######


You could see a jackal.

Vanquished Creatures
  A dart slug (D:1)
  2 bats (D:1)
  4 endoplasms (D:1)
  A giant cockroach (D:1)
  3 jackals (D:1)
  A ball python (D:1)
  7 frilled lizards (D:1)
  2 rats (D:1)
21 creatures vanquished.

Notes
Turn   | Place    | Note
-------+----------+-------------------------------------------
     0 | D:1      | BreadTh the Ogre Hedge Wizard began the quest for the Orb.
     0 | D:1      | Reached XP level 1. HP: 16/16 MP: 5/5
    66 | D:1      | Reached skill level 1 in Conjurations
   251 | D:1      | Reached skill level 1 in Summonings
   251 | D:1      | Reached skill level 1 in Translocations
   286 | D:1      | Reached XP level 2. HP: 8/24 MP: 4/6
   431 | D:1      | Reached skill level 4 in Spellcasting
   737 | D:1      | HP: 1/24 [jackal (2)]
   737 | D:1      | Slain by a jackal

Illustrated notes

Levels and vault maps discovered:
D:1:      ncdulo_lavacross, layout_loops_ring, minmay_lizard_pond

Skill      XL: |  1  2 |
---------------+-------+-----
Conjurations   | 1 |  1.0
Summonings     | 1 |  1.0
Translocations | 1 |  1.0
Spellcasting   | 4 |  4.4
Dodging        | |  1.8
Stealth        | |  1.5

Action                     || total
---------------------------++-------
  Melee: Club              ||    39
         Dagger            ||     2
         Punch             ||     2
   Cast: Magic Dart        ||    45
    Use: Potion            ||     1
 Armour: Robe              ||    22
  Dodge: Dodged            ||    35
